 Dungeon Crawl Stone Soup version 0.22-a0-603-gfc1114d (webtiles) character file.

140 Hebeh the Shield-Bearer (level 5, 0/47 HPs)
             Began as a Minotaur Fighter on July 7, 2018.
             Killed from afar by an orc wizard (5 damage)
             ... with a magic dart
             ... on level 3 of the Dungeon.
             The game lasted 00:04:37 (1782 turns).

Hebeh the Shield-Bearer (Minotaur Fighter)          Turns: 1782, Time: 00:04:37

Health: 0/47       AC:  7    Str: 21    XL:     5   Next: 2%
Magic:  4/4        EV:  7    Int:  5    God:
Gold:   88         SH:  0    Dex: 10    Spells: 4/4 levels left

rFire    . . .     SeeInvis .   a - +0 war axe
rCold    . . .     Gourm    .   c - +0 shield
rNeg     . . .     Faith    .   m - +0 scale mail
rPois    .         Spirit   .   (helmet restricted)
rElec    .         Reflect  .   (no cloak)
rCorr    .         Harm     .   (no gloves)
MR       .....                  (no boots)
Stlth    ..........             (no amulet)
HPRegen  0.15/turn              (no ring)
MPRegen  0.09/turn              (no ring)

@: confused
A: retaliatory headbutt, horns 2
a: no special abilities


You were on level 3 of the Dungeon.
You were not hungry.

You visited 1 branch of the dungeon, and saw 3 of its levels.

You collected 88 gold pieces.

Inventory:

Hand Weapons
 a - a +0 war axe (weapon)
 b - a +2 hunting sling of flaming
Missiles
 h - 40 stones (quivered)
Armour
 c - a +0 shield (worn)
 m - a +0 scale mail (worn)
Scrolls
 e - a scroll of noise {unknown}
 k - 2 scrolls of teleportation {unknown}
 l - 4 scrolls of identify {unknown}
 n - a scroll of remove curse {unknown}
 p - a scroll of amnesia {unknown}
Potions
 d - a potion of might
 g - 2 potions of lignification {unknown}
 i - a potion of curing {unknown}
 j - a potion of flight {unknown}
Comestibles
 f - a ration
 o - 2 chunks of flesh


   Skills:
 + Level 4.4 Fighting
 * Level 4.3 Axes
 + Level 4.5 Armour
 + Level 4.5 Shields


You had 4 spell levels left.
You didn't know any spells.
Your spell library was empty.

Dungeon Overview and Level Annotations

Branches:
Dungeon (3/15)

Altars:
Dithmenos
Hepliaklqana
Sif Muna
Xom
Zin

Annotations:
D:3 Sigmund


Innate Abilities, Weirdness & Mutations

You reflexively headbutt those who attack you in melee.
You have a pair of horns on your head.


Message History

a - a +0 war axe (weapon)
Something hits you.
The orc wizard casts a spell.
The orc wizard blinks!
Items here: ( ) [ † a dagger; a ring mail; 4 stones; an orc corpse You miss something.
You headbutt something. Something hits you.
You miss something.
You hear some strange, mumbled words.
You are confused.
You miss something. You headbutt something! Something hits you.
* * * LOW HITPOINT WARNING * * *
You bump into the rock wall.
You bump into the rock wall.
Something hits you!
* * * LOW HITPOINT WARNING * * *
You miss something. Something hits you but does no damage.
The orc wizard points at you and mumbles some strange words.
The orc wizard gestures at you while chanting.
The magic dart hits you!
You die...

####.##...# ........###
####.##.# ####### #.##.#
##....... #.##.#
......(.. #.##.#
#....$... ###.##.##
#..((.... ##......<#
#........
.....##.########@.......
####.##.# #....){.(.o(..
#.##.###.############
#.##.....# #.########
..# ###


You could see an orc wizard.

Vanquished Creatures
  7 adders
  A worm (D:2)
  2 dart slugs
  3 leopard geckos
  2 orcs (D:3)
  3 bats (D:1)
  A giant cockroach (D:2)
  6 goblins
  4 hobgoblins
  14 jackals
  7 kobolds
  A quokka (D:2)
  9 frilled lizards
  4 rats
64 creatures vanquished.

Notes
Turn   | Place    | Note
-------+----------+-------------------------------------------
     0 | D:1      | Hebeh the Minotaur Fighter began the quest for the Orb.
     0 | D:1      | Reached XP level 1. HP: 19/19 MP: 0/0
   151 | D:1      | Reached XP level 2. HP: 27/27 MP: 1/1
   366 | D:1      | Reached XP level 3. HP: 30/33 MP: 2/2
  1010 | D:2      | Reached XP level 4. HP: 40/40 MP: 3/3
  1373 | D:2      | Found a faded altar of an unknown god.
  1424 | D:2      | Found a shadowy altar of Dithmenos.
  1424 | D:2      | Found a shimmering altar of Xom.
  1431 | D:2      | Found a deep blue altar of Sif Muna.
  1433 | D:2      | Found a glowing silver altar of Zin.
  1436 | D:2      | Found a hazy altar of Hepliaklqana.
  1758 | D:3      | Noticed Sigmund
  1761 | D:3      | Reached XP level 5. HP: 42/47 MP: 4/4
  1782 | D:3      | Killed from afar by an orc wizard

Vault maps used:
D:1:      roderic_octagonal_star
D:2:      chequers_temple_overflow_minitemple, chequers_ecumenical_altar_island
D:3:      uniq_sigmund

Skill      XL: |  1  2  3  4 |
---------------+-------------+-----
Axes           | 3 4 |  4.3
Shields        | 4 |  4.5
Fighting       | 4 |  4.4
Armour         | 4 |  4.5

Action                   |  1- 3 |  4- 6 || total
-------------------------+-------+-------++-------
Melee: War axe           |    79 |    19 ||    98
       Headbutt          |    11 |     2 ||    13
 Fire: Hunting sling     |       |    85 ||    85
  Use: Potion            |     1 |       ||     1
  Eat: Chunk             |       |     3 ||     3
Armor: Scale mail        |    47 |    36 ||    83
Dodge: Dodged            |    28 |    17 ||    45
Block: Shield            |    51 |    49 ||   100

Table legend:
 A = Spawn XP
 B = Non-spawn XP
 C = Spawn XP percentage of total XP
 D = Spawn monster count
 E = Non-spawn monster count
 F = Spawn count percentage of total count
 G = Total turns spent on level
                    A         B        C        D         E        F      G
               +---------+---------+-------+---------+---------+-------+---------
         Total |       0 |     201 |   0.0 |       0 |      64 |   0.0 |  1782
               +---------+---------+-------+---------+---------+-------+---------
           D:1 |       0 |      45 |   0.0 |       0 |      24 |   0.0 |   667
           D:2 |       0 |     112 |   0.0 |       0 |      30 |   0.0 |   992
           D:3 |       0 |      44 |   0.0 |       0 |      10 |   0.0 |   123
               +---------+---------+-------+---------+---------+-------+---------
